 Dungeon Crawl Stone Soup version 0.29-a0-275-g389c0b56f3 (webtiles) character file.

Game seed: 89071197715437140

377 Hubjo the Sneak (level 6, -1/47 HPs)
             Began as a Demonspawn Enchanter on Mar 11, 2022.
             Was an Initiate of Nemelex Xobeh.
             Slain by a jelly (3 damage)
             ... created by Jiyva
             ... on level 4 of the Dungeon.
             The game lasted 00:08:35 (3945 turns).

Hubjo the Sneak (Demonspawn Enchanter)              Turns: 3945, Time: 00:08:35

Health: -1/47      AC: -13   Str:  8    XL:     6   Next: 45%
Magic:  10/10      EV: 17    Int: 16    God:    Nemelex Xobeh [......]
Gold:   132        SH:  4    Dex: 16    Spells: 9/11 levels left

rFire   . . .      SeeInvis .   a - +1 dagger
rCold   . . .      Faith    .   (no shield)
rNeg    . . .      Spirit   .   b - +0 robe
rPois   .          Reflect  .   (helmet restricted)
rElec   .          Harm     .   (no cloak)
rCorr   .          Rampage  .   j - +0 pair of gloves
Will    .....                   (no boots)
Stlth   +++.......              (no amulet)
HPRegen 0.15/turn               d - +4 ring of slaying
MPRegen 0.12/turn               (no ring)

@: agile, corroded, flying, hasted, very quick
A: antennae 1, large bone plates 1, powered by pain 1
a: Renounce Religion, Draw Escape, Draw Destruction, Draw Summoning


You were on level 4 of the Dungeon.
You worshipped Nemelex Xobeh.
Nemelex Xobeh was noncommittal.
You visited 1 branch of the dungeon, and saw 4 of its levels.

You collected 132 gold pieces.

Inventory:

Hand Weapons
 a - a +1 dagger (weapon)
Armour
 b - a +0 robe (worn)
 j - a +0 pair of gloves (worn)
Jewellery
 d - a +4 ring of slaying (left hand)
Scrolls
 e - a scroll of enchant weapon
 i - a scroll of torment
Potions
 c - 2 potions of invisibility
 f - a potion of berserk rage


   Skills:
 * Level 3.6 Fighting
 - Level 0.8 Short Blades
 - Level 1.7 Dodging
 * Level 4.6 Stealth
 + Level 3.1 Spellcasting
 + Level 4.0 Hexes


You had 9 spell levels left.
You knew the following spells:

 Your Spells              Type           Power      Damage    Failure   Level
a - Ensorcelled Hibernat  Hex/Ice        16%        N/A       12%         2

Your spell library contained the following spells:

 Spells                   Type           Power      Damage    Failure   Level
 Confusing Touch          Hex            15%        N/A       11%         3
 Tukima's Dance           Hex            15%        N/A       11%         3
 Dazzling Flash           Conj/Hex       16%        N/A       24%         3


Dungeon Overview and Level Annotations

Branches:
Dungeon (4/15)
 Temple: D:4-7

Altars:
Nemelex Xobeh
Yredelemnul
Jiyva


Innate Abilities, Weirdness & Mutations

You have a pair of small antennae on your head.
You are partially covered in large bone plates. (SH +4)
You sometimes gain a little power by taking damage.


Message History

The jelly barely misses you.
You hit the jelly. The acid corrodes you!
Your hands burn!
The jelly is heavily wounded.
The jelly closely misses you.
You hit the jelly. The acid corrodes you!
Your hands burn!
The jelly is severely wounded.
The jelly hits you. The acid corrodes you!
You are splashed with acid.
The jelly attacks as you move away! The jelly barely misses you.
You block the jelly's attack. The jelly hits you.
You are splashed with acid!
The jelly closely misses you. The jelly misses you.
The jelly completely misses you. The jelly hits you. The acid corrodes you!
You are splashed with acid!
* * * LOW HITPOINT WARNING * * *
The jelly closely misses you. The jelly attacks as you move away!
The jelly hits you.
* * * LOW HITPOINT WARNING * * *
You are splashed with acid!
* * * LOW HITPOINT WARNING * * *
You focus on the pain.
You feel agile all of a sudden. The jelly attacks as you move away!
You block the jelly's attack.
Okay, then.
Blink to where?
Press: ? - help, Dir - move target
As you read the scroll of blinking, it crumbles to dust.
It was a potion of flight.
You feel very buoyant.
You fly up into the air.
It was a potion of haste.
You feel yourself speed up.
It was a potion of curing.
You feel better.
You hit the jelly but do no damage.
Your hands burn!
* * * LOW HITPOINT WARNING * * *
You block the jelly's attack.
You hit the jelly but do no damage.
Your hands burn!
* * * LOW HITPOINT WARNING * * *
You hit the jelly but do no damage.
Your hands burn!
* * * LOW HITPOINT WARNING * * *
The jelly hits you.
You die...
Your body disappears without a glow.

.................#
....................
...####'########..###
#######...###..#####
##..........#....#
.#...........#....#
.#...........#....#
............>#....#
..##.##......#..@.#
...#.#....######J#######
#.....#..####.JJ##....#
.##...##.J...J.J........
...._...................
.##...##................
#.....#.###......#..#..
...#.#...# ########### #
..##.##...


You could see 4 jellies.

Vanquished Creatures
  2 ogres (D:4)
  A necrophage (D:4)
  A howler monkey (D:4)
  2 jellies (D:4)
  Robin (D:3)
  5 adders
  2 dart slugs (D:1)
  7 bats
  4 endoplasms
  4 giant cockroaches
  12 goblins
  7 hobgoblins
  4 jackals (D:3)
  2 quokkas
  5 ball pythons
  4 frilled lizards
  3 kobolds
  2 rats (D:2)
68 creatures vanquished.

Vanquished Creatures (others)
  Grinder (D:4)
  Duvessa (D:4)
  A scorpion (D:4)
  Dowan (D:4)
  13 jellies (D:4)
  An orc (D:4)
  4 endoplasms (D:4)
  2 goblins (D:4)
  2 hobgoblins (D:4)
  A kobold (D:4)
27 creatures vanquished.

Grand Total: 95 creatures vanquished

Notes
Turn   | Place    | Note
-------+----------+-------------------------------------------
     0 | D:1      | Hubjo the Demonspawn Enchanter began the quest for the Orb.
     0 | D:1      | Reached XP level 1. HP: 13/13 MP: 3/3
     4 | D:1      | Noticed an electric eel
     5 | D:1      | Noticed an electric eel
   165 | D:1      | Gained mutation: You sometimes gain a little power by
                  | taking damage. [demonic ancestry]
   165 | D:1      | Reached XP level 2. HP: 6/20 MP: 5/5
   442 | D:1      | Reached skill level 1 in Fighting
  1249 | D:1      | Reached XP level 3. HP: 26/26 MP: 6/6
  1252 | D:1      | Learned a level 2 spell: Ensorcelled Hibernation
  1296 | D:1      | You fall into a shaft and drop 1 floor!
  1296 | D:2      | Found a basalt altar of Yredelemnul.
  1809 | D:2      | Noticed Robin
  1938 | D:4      | Noticed a scorpion
  1987 | D:3      | Killed Robin
  2004 | D:2      | Gained mutation: You have a pair of small antennae on your
                  | head. [demonic ancestry]
  2004 | D:2      | Reached XP level 4. HP: 28/33 MP: 7/7
  2553 | D:3      | Found a faded altar of an unknown god.
  2617 | D:3      | Prayed at the altar of an unknown god.
  2617 | D:3      | Became a worshipper of Jiyva Jois the Shapeless
  2617 | D:3      | Reached * piety under Jiyva
  2912 | D:4      | Noticed a necrophage
  2919 | D:4      | Killed a necrophage
  2920 | D:4      | Gained mutation: You are partially covered in large bone
                  | plates. (SH +4) [demonic ancestry]
  2920 | D:4      | Reached XP level 5. HP: 30/39 MP: 7/9
  2939 | D:4      | Found a sparkling altar of Nemelex Xobeh.
  2939 | D:4      | Noticed Grinder
  2947 | D:4      | Noticed an ogre
  2959 | D:4      | Killed an ogre
  2959 | D:4      | Noticed an ogre
  2960 | D:4      | Reached XP level 6. HP: 28/47 MP: 10/10
  2972 | D:4      | Noticed Duvessa
  3125 | D:4      | Killed Dowan
  3461 | D:4      | Killed Grinder
  3556 | D:4      | Killed Duvessa
  3646 | D:4      | Fell from the grace of Jiyva
  3646 | D:4      | Became a worshipper of Nemelex Xobeh the Trickster
  3935 | D:4      | HP: 2/47 [acid[Jiyva] (8)]
  3945 | D:4      | HP: 2/47 [acid[Jiyva] (3)]
  3945 | D:4      | Slain by a jelly

Illustrated notes

Levels and vault maps discovered:
D:1:      arrival_aquarium_b, layout_loops_cross, chequers_serial_rivers_micro_c
D:2:      layout_rooms, basic_altar, uniq_robin
D:3:      wander_river, layout_basic, hellmonk_ecumenical_altar_inner_sanctum
D:4:      layout_gridville, mainiacjoe_overflow_small_starburst,
          chequers_serial_rivers_room_b, uniq_grinder, uniq_duvessa,
          uniq_blork_the_orc

Skill      XL: |  1  2  3  4  5  6 |
---------------+-------------------+-----
Fighting       | 1 2 3 |  3.6
Stealth        | 3 4 |  4.6
Spellcasting   | 3 |  3.1
Hexes          | 4 |  4.0
Short Blades   | |  0.8
Dodging        | |  1.7

Action                   |  1- 3 |  4- 6 || total
-------------------------+-------+-------++-------
Melee: Dagger            |   112 |    89 ||   201
       Punch             |       |     2 ||     2
 Cast: Ensorcelled Hiber |       |     4 ||     4
  Use: Scroll            |     3 |     5 ||     8
       Potion            |       |     4 ||     4
 Stab: Sleeping          |     8 |     5 ||    13
       Distracted        |       |     2 ||     2
Armor: Robe              |    35 |    11 ||    46
Dodge: Dodged            |    61 |    73 ||   134
Block: Other             |       |    16 ||    16

Table legend: (Time is in decaauts)
 A = Elapsed time spent in this place.
 B = Non-inter-level travel time spent in this place.
 C = Inter-level travel time spent in this place.
 D = Time resting spent in this place.
 E = Time spent auto-exploring this place.
 F = Levels seen in this place.
 G = Mean time per level.
                   A        B        C        D        E       F      G
               +--------+--------+--------+--------+--------+-----+--------+
         Total |   3973 |   3878 |     95 |   1220 |   2006 |   4 |  993.2 |
       Dungeon |   3973 |   3878 |     95 |   1220 |   2006 |   4 |  993.2 |
               +--------+--------+--------+--------+--------+-----+--------+

Top non-repeatable levels by time:
     D:1: 1293 daAuts
     D:4: 1049 daAuts
     D:2: 1022 daAuts
     D:3: 608 daAuts
